MLB
CHICAGO WHITE SOX @ KANSAS CITY ROYALS
08/02/2044
 
TOP OF THE 1ST
Chicago White Sox batting - Pitching for Kansas City Royals : RHP Matt Evans
Pitching: RHP Matt Evans
Batting: SHB Dan Lash 0-0: Ball
1-0: Foul Ball, location: 2F
1-1: Foul Ball, location: 2F
1-2: Ball
2-2: Ball
3-2: Foul Ball, location: 2F
3-2: SINGLE (Groundball, 34D, EV 103.8 MPH)
Batting: LHB Antonio Figueroa 0-0: Called Strike
0-1: 2-RUN HOME RUN (Flyball, 8RXD, EV 104.4 MPH), Distance : 439 ft
Batting: LHB Randy Rosenberry 0-0: Ball
1-0: Ball
2-0: Ball
3-0: Base on Balls
Batting: RHB Joseph Disepolo 0-0: Ball
1-0: Called Strike
1-1: Ball
2-1: Swinging Strike
2-2: Ball
3-2: Foul Ball, location: 2F
3-2: Foul Ball, location: 2F
3-2: SINGLE (Groundball, 56S, EV 73.8 MPH) (infield hit)
Randy Rosenberry to second
Batting: LHB Jack Christie 0-0: 3-RUN HOME RUN (Line Drive, 9D, EV 100.0 MPH), Distance : 390 ft
Batting: RHB Hiroshige Yamada 0-0: Foul Ball, location: 2F
0-1: Called Strike
0-2: Ball
1-2: Strikes out swinging
Batting: RHB Rocky Campbell 0-0: Swinging Strike
0-1: Ground out 6-3 (Groundball, 6, EV 85.0 MPH)
Batting: LHB Juan Concepcion 0-0: Ball
1-0: Called Strike
1-1: Foul Ball, location: 2F
1-2: Ball
2-2: Ground out 4-3 (Groundball, 4, EV 100.0 MPH)
Top of the 1st over - 5 runs, 4 hits, 0 errors, 0 left on base; Chicago 5 - Kansas City 0
BOTTOM OF THE 1ST
Kansas City Royals batting - Pitching for Chicago White Sox : RHP Tadatoki Yoshida
Pitching: RHP Tadatoki Yoshida
Batting: RHB Mike Jaquez 0-0: Called Strike
0-1: Fly out, F6 (Line Drive, 6, EV 68.8 MPH)
Batting: RHB Imbart Faber 0-0: Ball
1-0: Ground out 5-3 (Groundball, 5, EV 78.8 MPH)
Batting: SHB Tony Prado 0-0: Ball
1-0: Foul Ball, location: 2F
1-1: Ball
2-1: Swinging Strike
2-2: Ball
3-2: SINGLE (Groundball, 6MS, EV 76.9 MPH) (infield hit)
Batting: LHB Manny Estrada 0-0: Ball
1-0: Ground out 1-3 (Groundball, P, EV 75.0 MPH)
Bottom of the 1st over - 0 runs, 1 hit, 0 errors, 1 left on base; Chicago 5 - Kansas City 0
TOP OF THE 2ND
Chicago White Sox batting - Pitching for Kansas City Royals : RHP Matt Evans
Batting: RHB Steve Castleberry 0-0: Called Strike
0-1: Ground out 5-3 (Groundball, 56, EV 86.9 MPH)
Batting: SHB Dan Lash 0-0: Ball
1-0: Swinging Strike
1-1: Foul Ball, location: 2F
1-2: Strikes out swinging
Batting: LHB Antonio Figueroa 0-0: Ball
1-0: SINGLE (Groundball, 34D, EV 100.0 MPH) (infield hit)
Batting: LHB Randy Rosenberry 0-0: Foul Ball, location: 2F
0-1: Ball
Antonio Figueroa steals 2nd base
1-1: Swinging Strike
1-2: Ball
2-2: Ground out 4-3 (Groundball, 34S, EV 85.6 MPH)
Top of the 2nd over - 0 runs, 1 hit, 0 errors, 1 left on base; Chicago 5 - Kansas City 0
BOTTOM OF THE 2ND
Kansas City Royals batting - Pitching for Chicago White Sox : RHP Tadatoki Yoshida
Batting: RHB Aaron Matthews 0-0: Swinging Strike
0-1: Called Strike
0-2: Ball
1-2: Strikes out looking
Batting: SHB Gareth Busby 0-0: Foul Ball, location: 2F
0-1: Ball
1-1: Reached on error, E4 (Groundball, 34D, EV 106.9 MPH)
Batting: LHB Zion Davidson 0-0: Ball
1-0: Ground out 6-3 (Groundball, 6M, EV 83.8 MPH)
Gareth Busby to third
Batting: RHB Alberto Rosales 0-0: Ball
1-0: Ground out 5-3 (Groundball, 56S, EV 91.3 MPH)
Bottom of the 2nd over - 0 runs, 0 hits, 1 error, 1 left on base; Chicago 5 - Kansas City 0
TOP OF THE 3RD
Chicago White Sox batting - Pitching for Kansas City Royals : RHP Matt Evans
Batting: RHB Joseph Disepolo 0-0: Ball
1-0: Fly out, F4 (Popup, 23, EV 79.4 MPH)
Batting: LHB Jack Christie 0-0: Ball
1-0: Fly out, F4 (Flyball, 3D, EV 91.3 MPH)
Batting: RHB Hiroshige Yamada 0-0: Ball
1-0: Ball
2-0: Ball
3-0: Called Strike
3-1: Foul Ball, location: 2F
3-2: DOUBLE (Line Drive, 78D, EV 106.9 MPH)
Pitching: RHP Rob Penton
Batting: RHB Rocky Campbell 0-0: Called Strike
0-1: Ball
1-1: Foul Ball, location: 2F
1-2: Foul Ball, location: 2F
1-2: Fly out, F6 (Line Drive, 6, EV 71.9 MPH)
Top of the 3rd over - 0 runs, 1 hit, 0 errors, 1 left on base; Chicago 5 - Kansas City 0
BOTTOM OF THE 3RD
Kansas City Royals batting - Pitching for Chicago White Sox : RHP Tadatoki Yoshida
Batting: RHB Avery Maxwell 0-0: Called Strike
0-1: Ground out 1-3 (Groundball, 13, EV 68.8 MPH)
Batting: RHB Mike Jaquez 0-0: Called Strike
0-1: Swinging Strike
0-2: Foul Ball, location: 2F
0-2: Ball
1-2: Strikes out looking
Batting: RHB Imbart Faber 0-0: Ball
1-0: Foul Ball, location: 2F
1-1: Ground out 4-3 (Groundball, 4, EV 102.5 MPH)
Bottom of the 3rd over - 0 runs, 0 hits, 0 errors, 0 left on base; Chicago 5 - Kansas City 0
TOP OF THE 4TH
Chicago White Sox batting - Pitching for Kansas City Royals : RHP Rob Penton
Batting: LHB Juan Concepcion 0-0: Ball
1-0: Ball
2-0: Ball
3-0: Base on Balls
Batting: RHB Steve Castleberry 0-0: Called Strike
0-1: Called Strike
0-2: Ball
1-2: Foul Ball, location: 2F
1-2: Ball
2-2: Ball
3-2: SINGLE (Line Drive, 3D, EV 100.0 MPH)
Juan Concepcion to second
Batting: SHB Dan Lash 0-0: Ball
1-0: Called Strike
1-1: Called Strike
1-2: Foul Ball, location: 2F
1-2: Foul Ball, location: 2F
1-2: Foul Ball, location: 2F
1-2: Ball
2-2: SINGLE (Groundball, 4MD, EV 110.6 MPH)
Juan Concepcion to third
Steve Castleberry to second
Runner from 3rd tries for Home, SAFE, throw by CF to home
Batting: LHB Antonio Figueroa 0-0: Fielders Choice at 2nd, U6 (Groundball, 4M, EV 101.9 MPH)
Steve Castleberry to third
Batting: LHB Randy Rosenberry 0-0: Ball
1-0: Ball
2-0: Called Strike
Antonio Figueroa steals 2nd base
2-1: Called Strike
2-2: Ball
3-2: Base on Balls
Batting: RHB Joseph Disepolo 0-0: Called Strike
0-1: Fielders Choice at 2nd, 3-6 (Groundball, 34, EV 103.8 MPH)
Steve Castleberry scores
Antonio Figueroa to third
Batting: LHB Jack Christie 0-0: Ball
1-0: 3-RUN HOME RUN (Flyball, 9D, EV 96.9 MPH), Distance : 376 ft
Pitching: RHP Ryan Bushey
Batting: RHB Hiroshige Yamada 0-0: Ball
1-0: Ball
2-0: Fly out, F9 (Line Drive, 9, EV 94.4 MPH)
Top of the 4th over - 5 runs, 3 hits, 0 errors, 0 left on base; Chicago 10 - Kansas City 0
BOTTOM OF THE 4TH
Kansas City Royals batting - Pitching for Chicago White Sox : RHP Tadatoki Yoshida
Batting: SHB Tony Prado 0-0: DOUBLE (Line Drive, 9LS, EV 98.8 MPH)
Batting: LHB Manny Estrada 0-0: Foul Ball, location: 2F
0-1: Foul Ball, location: 2F
0-2: SINGLE (Flyball, 78S, EV 92.5 MPH)
Tony Prado to third
Batting: RHB Aaron Matthews 0-0: Ball
1-0: Swinging Strike
1-1: Fielders Choice at 2nd, 3-6 (Groundball, 34, EV 105.6 MPH)
Tony Prado scores
Batting: SHB Gareth Busby 0-0: Grounds into double play, 5-4-3 (Groundball, 56, EV 77.5 MPH)
Bottom of the 4th over - 1 run, 2 hits, 0 errors, 0 left on base; Chicago 10 - Kansas City 1
TOP OF THE 5TH
Chicago White Sox batting - Pitching for Kansas City Royals : RHP Ryan Bushey
Batting: RHB Rocky Campbell 0-0: Ball
1-0: Called Strike
1-1: SOLO HOME RUN (Flyball, 9D, EV 95.6 MPH), Distance : 375 ft
Batting: LHB Juan Concepcion 0-0: Foul Ball, location: 2F
0-1: Swinging Strike
0-2: Ball
1-2: Ground out 5-3 (Groundball, 6, EV 110.0 MPH)
Batting: RHB Steve Castleberry 0-0: Fly out, F9 (Flyball, 9D, EV 85.0 MPH)
Batting: SHB Dan Lash 0-0: Ball
1-0: Called Strike
1-1: Called Strike
1-2: Ball
2-2: Foul Ball, location: 2F
2-2: Ball
3-2: Foul Ball, location: 2F
3-2: Ground out 4-3 (Groundball, 4, EV 86.3 MPH)
Top of the 5th over - 1 run, 1 hit, 0 errors, 0 left on base; Chicago 11 - Kansas City 1
BOTTOM OF THE 5TH
Kansas City Royals batting - Pitching for Chicago White Sox : RHP Tadatoki Yoshida
Batting: LHB Zion Davidson 0-0: Called Strike
0-1: Ground out 6-3 (Groundball, 6M, EV 106.3 MPH)
Batting: RHB Alberto Rosales 0-0: Called Strike
0-1: Fly out, F5 (Popup, 56S, EV 70.6 MPH)
Batting: RHB Avery Maxwell 0-0: Ball
1-0: Fly out, F9 (Flyball, 9, EV 90.6 MPH)
Bottom of the 5th over - 0 runs, 0 hits, 0 errors, 0 left on base; Chicago 11 - Kansas City 1
TOP OF THE 6TH
Chicago White Sox batting - Pitching for Kansas City Royals : RHP Ryan Bushey
Batting: LHB Antonio Figueroa 0-0: Ball
1-0: Ball
2-0: Called Strike
2-1: Called Strike
2-2: Foul Ball, location: 2F
2-2: Strikes out looking
Batting: LHB Randy Rosenberry 0-0: Called Strike
0-1: Ball
1-1: Ball
2-1: Foul Ball, location: 2F
2-2: Ball
3-2: Foul Ball, location: 2F
3-2: Ground out 6-3 (Groundball, 6MD, EV 101.3 MPH)
Batting: RHB Joseph Disepolo 0-0: Foul Ball, location: 2F
0-1: Ball
1-1: Ball
2-1: Foul Ball, location: 2F
2-2: Ball
3-2: Foul Ball, location: 2F
3-2: Foul Ball, location: 2F
3-2: Foul Ball, location: 2F
3-2: Base on Balls
Batting: LHB Jack Christie 0-0: Ball
1-0: Ball
2-0: Called Strike
2-1: SINGLE (Groundball, 5D, EV 101.9 MPH)
Joseph Disepolo to second
Batting: RHB Hiroshige Yamada 0-0: Ball
1-0: Foul Ball, location: 2F
1-1: Fly out, F8 (Line Drive, 8RM, EV 87.5 MPH)
Top of the 6th over - 0 runs, 1 hit, 0 errors, 2 left on base; Chicago 11 - Kansas City 1
BOTTOM OF THE 6TH
Kansas City Royals batting - Pitching for Chicago White Sox : RHP Tadatoki Yoshida
Batting: RHB Mike Jaquez 0-0: Foul Ball, location: 2F
0-1: Swinging Strike
0-2: Ball
1-2: Strikes out looking
Batting: RHB Imbart Faber 0-0: SINGLE (Groundball, 56S, EV 70.6 MPH) (infield hit)
Batting: SHB Tony Prado 0-0: Ball
Imbart Faber steals 2nd base
1-0: Called Strike
1-1: SINGLE (Groundball, 4MD, EV 94.4 MPH)
Imbart Faber to third
Runner from 3rd tries for Home, SAFE, throw by CF to home
Batting: LHB Manny Estrada 0-0: Foul Ball, location: 2F
0-1: Ball
1-1: Foul Ball, location: 2F
1-2: Ball
2-2: Strikes out swinging
Batting: RHB Aaron Matthews 0-0: Ball
1-0: Called Strike
1-1: Ball
2-1: Swinging Strike
2-2: Fielders Choice at 2nd, U4 (Groundball, 4M, EV 92.5 MPH)
Bottom of the 6th over - 1 run, 2 hits, 0 errors, 1 left on base; Chicago 11 - Kansas City 2
TOP OF THE 7TH
Chicago White Sox batting - Pitching for Kansas City Royals : RHP Ryan Bushey
Pitching: RHP Nick Harmon
Batting: RHB Rocky Campbell 0-0: Ball
1-0: Fly out, F3 (Popup, 3, EV 76.3 MPH)
Batting: LHB Juan Concepcion 0-0: Ball
1-0: Swinging Strike
1-1: Ball
2-1: Ball
3-1: Base on Balls
Pinch Hitting: RHB Jason Moss 0-0: Called Strike
0-1: Foul Ball, location: 2F
0-2: Fly out, F9 (Line Drive, 9, EV 87.5 MPH)
Batting: SHB Dan Lash 0-0: DOUBLE (Groundball, 5L, EV 102.5 MPH)
Juan Concepcion to third
Runner from 3rd tries for Home, SAFE, throw by LF to home
Pinch Hitting: SHB Cesar Herrera 0-0: Ball
1-0: Ball
2-0: Ball
3-0: Base on Balls
Batting: LHB Randy Rosenberry 0-0: Fly out, F7 (Flyball, 78M, EV 94.4 MPH)
Top of the 7th over - 1 run, 1 hit, 0 errors, 2 left on base; Chicago 12 - Kansas City 2
BOTTOM OF THE 7TH
Kansas City Royals batting - Pitching for Chicago White Sox : RHP Tadatoki Yoshida
Now at 2B: Cesar Herrera
Now in RF: Jason Moss
Batting: SHB Gareth Busby 0-0: Ball
1-0: Ball
2-0: Swinging Strike
2-1: DOUBLE (Line Drive, 8LD, EV 90.0 MPH)
Batting: LHB Zion Davidson 0-0: Called Strike
0-1: Ball
1-1: Ball
2-1: Foul Ball, location: 2F
2-2: Ball
3-2: Base on Balls
Batting: RHB Alberto Rosales 0-0: Ball
1-0: Fielders Choice at 2nd, 5-4 (Groundball, 56, EV 81.9 MPH)
Gareth Busby to third
Batting: RHB Avery Maxwell 0-0: Swinging Strike
0-1: Foul Ball, location: 2F
0-2: Foul Ball, location: 2F
0-2: Ball
1-2: Foul Ball, location: 2F
1-2: SINGLE (Groundball, 56S, EV 69.4 MPH) (infield hit)
Gareth Busby scores
Alberto Rosales to second
Batting: RHB Mike Jaquez 0-0: Ball
1-0: SINGLE (Line Drive, 78S, EV 105.6 MPH)
Alberto Rosales to third
Avery Maxwell to second
Runner from 3rd tries for Home, SAFE, throw by LF to home
Avery Maxwell to third
Mike Jaquez to second
Batting: RHB Imbart Faber 0-0: Ball
1-0: Ball
2-0: Swinging Strike
2-1: SINGLE (Line Drive, 9LM, EV 97.5 MPH)
Avery Maxwell scores
Mike Jaquez to third
Pitching: RHP Jerry JimAnez
Pinch Hitting: SHB Gil Switzer 0-0: Swinging Strike
0-1: Ball
1-1: Ball
2-1: Ball
3-1: SINGLE (Groundball, 34S, EV 68.1 MPH) (infield hit)
Mike Jaquez scores
Imbart Faber to second
Batting: LHB Manny Estrada 0-0: SINGLE (Flyball, 89S, EV 90.0 MPH)
Imbart Faber to third
Gil Switzer to second
Runner from 3rd tries for Home, SAFE, throw by RF to home
Batting: RHB Aaron Matthews 0-0: Called Strike
0-1: Ball
1-1: Grounds into double play, 6-4-3 (Groundball, 6S, EV 91.3 MPH)
Bottom of the 7th over - 5 runs, 6 hits, 0 errors, 1 left on base; Chicago 12 - Kansas City 7
TOP OF THE 8TH
Chicago White Sox batting - Pitching for Kansas City Royals : RHP Nick Harmon
Now in CF: Gil Switzer
Batting: RHB Joseph Disepolo 0-0: Called Strike
0-1: Ball
1-1: Ball
2-1: Ball
3-1: Base on Balls
Batting: LHB Jack Christie 0-0: Called Strike
Joseph Disepolo steals 2nd base
0-1: Called Strike
0-2: Ball
1-2: Ground out 1-3 (Groundball, 13S, EV 61.9 MPH)
Joseph Disepolo to third
Batting: RHB Hiroshige Yamada 0-0: Ball
1-0: Ball
2-0: Foul Ball, location: 2F
2-1: Foul Ball, location: 2F
2-2: SINGLE (Line Drive, 7S, EV 91.9 MPH)
Joseph Disepolo scores
Pitching: RHP Chris Irvin
Batting: RHB Rocky Campbell 0-0: Called Strike
0-1: Grounds into double play, 6-4-3 (Groundball, 6, EV 99.4 MPH)
Top of the 8th over - 1 run, 1 hit, 0 errors, 0 left on base; Chicago 13 - Kansas City 7
BOTTOM OF THE 8TH
Kansas City Royals batting - Pitching for Chicago White Sox : RHP Jerry JimAnez
Batting: SHB Gareth Busby 0-0: SINGLE (Flyball, 56D, EV 96.9 MPH)
Batting: LHB Zion Davidson 0-0: Ball
1-0: Called Strike
1-1: Foul Ball, location: 2F
1-2: Strikes out swinging
Batting: RHB Alberto Rosales 0-0: Called Strike
0-1: Ball
1-1: DOUBLE (Flyball, 8RXD, EV 91.9 MPH)
Gareth Busby to third
Runner from 3rd tries for Home, SAFE, throw by CF to trailing runner, OUT at third! 8-3-5
Batting: RHB Avery Maxwell 0-0: Ball
1-0: Swinging Strike
1-1: Called Strike
1-2: Foul Ball, location: 2F
1-2: Ground out 5-3 (Groundball, 5, EV 91.9 MPH)
Bottom of the 8th over - 1 run, 2 hits, 0 errors, 0 left on base; Chicago 13 - Kansas City 8
TOP OF THE 9TH
Chicago White Sox batting - Pitching for Kansas City Royals : RHP Chris Irvin
Batting: LHB Juan Concepcion 0-0: Ball
1-0: Called Strike
1-1: SINGLE (Line Drive, 9LS, EV 95.0 MPH)
Batting: RHB Jason Moss 0-0: Foul Ball, location: 2F
0-1: Ball
1-1: Ball
2-1: Swinging Strike
2-2: Foul Ball, location: 2F
2-2: Ball
3-2: Base on Balls
Juan Concepcion to second
Batting: SHB Dan Lash 0-0: Called Strike
0-1: Called Strike
0-2: Fly out, F7 (Line Drive, 7, EV 104.4 MPH)
Batting: SHB Cesar Herrera 0-0: Ball
1-0: Foul Ball, location: 2F
1-1: Ball
2-1: Ground out 5-3 (Groundball, 56S, EV 71.3 MPH)
Juan Concepcion to third
Jason Moss to second
Batting: LHB Randy Rosenberry 0-0: Ball
1-0: Called Strike
1-1: Foul Ball, location: 2F
1-2: Ground out 4-3 (Groundball, 34D, EV 79.4 MPH)
Top of the 9th over - 0 runs, 1 hit, 0 errors, 2 left on base; Chicago 13 - Kansas City 8
BOTTOM OF THE 9TH
Kansas City Royals batting - Pitching for Chicago White Sox : RHP Jerry JimAnez
Pitching: LHP Josh Vaca
Batting: RHB Mike Jaquez 0-0: Called Strike
0-1: Called Strike
0-2: Foul Ball, location: 2F
0-2: Ball
1-2: Foul Ball, location: 2F
1-2: Strikes out swinging
Batting: RHB Imbart Faber 0-0: Swinging Strike
0-1: Called Strike
0-2: Strikes out swinging
Batting: SHB Gil Switzer 0-0: Ball
1-0: Ball
2-0: SINGLE (Flyball, 78S, EV 93.1 MPH) - OUT at second base trying to stretch hit.
Bottom of the 9th over - 0 runs, 1 hit, 0 errors, 0 left on base; Chicago 13 - Kansas City 8
Thursday, March 31st , 2022 - OOTP Baseball 22.12 Build 89